 Dungeon Crawl Stone Soup version 0.31-a0-845-g9abc20d24f (webtiles) character file.

Game seed: 17942141843060640978

2978 Darius099 the Severer (level 9, -3/70 HPs)
             Began as a Minotaur Fighter on Oct 3, 2023.
             Slain by an orc
             ... wielding a +0 trident
              (7 damage)
             ... in a bailey.
             The game lasted 00:11:26 (6231 turns).

Darius099 the Severer (Minotaur Fighter)            Turns: 6231, Time: 00:11:26

Health: -3/70      AC:  9    Str: 25    XL:     9   Next: 53%
Magic:  8/8        EV:  8    Int:  5    God:
Gold:   305        SH:  4    Dex: 10    Spells: 8/8 levels left

rFire   + . .        a - +0 war axe
rCold   . . .        c - +0 buckler
rNeg    . . .        s - +0 chain mail
rPois   +            (helmet restricted)
rElec   .            h - scarf {repulsion}
rCorr   .            (no gloves)
SInv    .            (no boots)
Will    .....        (no amulet) Stlth
                     g - ring of protection from fire
HPRegen 0.31/turn    p - ring of poison resistance
MPRegen 0.11/turn

%: repel missiles
@: no status effects
A: horns 2, retaliatory headbutt
a: no special abilities


You were in a bailey.
You visited 1 branch of the dungeon, and saw 7 of its levels.
You also visited: Bailey.

You collected 305 gold pieces.

Inventory:

Hand Weapons
 a - a +0 war axe (weapon)
Missiles
 e - a throwing net
Armour
 c - a +0 buckler (worn)
 h - a scarf of repulsion (worn)
 o - a +0 plate armour
 s - a +0 chain mail (worn)
Jewellery
 b - a ring of protection from fire
 g - a ring of protection from fire (left hand)
 p - a ring of poison resistance (right hand)
 y - a ring of flight
Talismans
 m - a serpent talisman
Wands
 l - a wand of charming (6)
 x - a wand of flame (24)
Scrolls
 f - 10 scrolls of identify {unknown}
 i - 5 scrolls of teleportation {unknown}
 q - 2 scrolls of fog {unknown}
 r - 3 scrolls of immolation {unknown}
 u - 2 scrolls of amnesia {unknown}
 v - 2 scrolls of enchant weapon {unknown}
 w - a scroll of fear {unknown}
Potions
 d - 2 potions of might
 j - 3 potions of berserk rage {unknown}
 k - 2 potions of degeneration {unknown}
 n - a potion of curing {unknown}
 t - 2 potions of invisibility {unknown}
 z - a potion of ambrosia {unknown}


   Skills:
 - Level 3.6 Fighting
 + Level 15.6 Axes
 - Level 3.6 Armour
 - Level 3.6 Shields


You had 8 spell levels left.
You didn't know any spells.
Your spell library contained the following spells:

 Spells                   Type           Power      Damage    Failure   Level
 Magic Dart               Conj           0%         1d3       98%         1
 Cigotuvi's Dreadful Rot  Necr/Pois/Air  0%         N/A       99%         2
 Lesser Beckoning         Tloc           0%         N/A       99%         2
 Searing Ray              Conj           0%         2d4       99%         2
 Static Discharge         Conj/Air       0%         2-2/arc   99%         2
 Gell's Gravitas          Tloc           0%         N/A       100%        3
 Ozocubu's Armour         Ice            0%         N/A       100%        3
 Teleport Other           Tloc           0%         N/A       100%        3
 Airstrike                Air            0%         2d(0-16)  100%        4
 Dispel Undead            Necr           0%         3d6       100%        4
 Fulminant Prism          Conj/Hex       0%         3d5       100%        4
 Summon Lightning Spire   Summ/Air       0%         N/A       100%        4
 Metabolic Englaciation   Hex/Ice        0%         N/A       100%        5
 Death Channel            Necr           0%         N/A       100%        6
 Simulacrum               Ice/Necr       0%         N/A       100%        6


Dungeon Overview and Level Annotations

Branches:
Dungeon (7/15)             Bailey (1/1)
 Temple: D:4-7

Altars:
Gozag
Vehumet


Innate Abilities, Weirdness & Mutations

You have a pair of horns on your head.
You reflexively headbutt those who attack you in melee.


Message History

The orc hits you but does no damage. The orc hits you but does no damage.
The orc hits you from afar with a +0 spear.
You block the orc's attack.
The centaur hits you from afar with a +0 halberd.
You slash the orc!
You kill the orc!
You hit the orc. You block the centaur's attack.
The orc hits you but does no damage. The orc barely misses you.
You hit the orc.
You kill the orc!
You block the centaur's attack. You block the orc's attack.
The orc hits you from afar with a +0 trident. x2
The centaur throws a javelin.
The javelin pierces through you! The orc hits you with a +0 trident.
* * * LOW HITPOINT WARNING * * *
The orc attacks as it pursues you! The orc closely misses you.
The centaur hits you but does no damage.
Things that are here:
a +0 trident; a +0 ring mail; an orc corpse You hit the orc.
The orc is severely wounded.
The centaur barely misses you. You block the orc's attack.
You hit the orc but do no damage. Your headbutt misses the orc.
The orc is severely wounded.
The orc barely misses you.
The orc hits you from afar with a +0 trident.
* * * LOW HITPOINT WARNING * * *
The centaur hits you from afar with a +0 halberd!
* * * LOW HITPOINT WARNING * * *
You hit the orc but do no damage.
The orc is severely wounded.
The orc hits you with a +0 trident!
* * * LOW HITPOINT WARNING * * *
The orc hits you but does no damage.
The centaur throws a javelin.
The javelin barely misses you. The orc hits you but does no damage.
You closely miss the orc.
The orc is severely wounded.
You block the centaur's attack. The orc hits you with a +0 trident!
You die...

######### ##≈≈≈≈≈≈≈##
##≈≈≈$.$≈≈≈##
####≈≈⌠....$⌠≈≈####
#≈≈≈≈.........≈≈≈≈#
##..#.....o≈≈≈≈≈......#
#≈..#...oo≈≈...≈≈.....#
#≈..'..≈.≈≈.≈.≈.≈≈.≈..+
#≈..#.≈≈@≈c≈≈.≈≈.≈.≈≈.#
#≈. #.≈o≈≈.≈...≈.≈≈.≈.#
#≈ #.≈.≈.≈≈...≈≈.≈.≈.#
#.≈.≈.≈.⌠∩⌠.≈.≈.≈.#
#.≈.≈.≈..∩..≈.≈.≈.#
#.≈.≈.≈.⌠∩⌠.≈.≈.≈.#
#.≈.≈.≈≈...≈≈.≈.≈.#
#.≈.≈≈.≈...≈.≈≈.≈.#
#.≈≈.≈.≈≈≈≈≈.≈.≈≈.#


You could see a centaur and 4 orcs.

Vanquished Creatures
  Pikel (D:6)
  Prince Ribbit (D:5)
  A steam dragon (D:6)
  Duvessa (D:7)
  2 water moccasins (D:6)
  4 ice beasts
  3 black bears
  A centaur (D:5)
  2 ogres
  4 lemures (D:6)
  A phantom (D:6)
  2 kobold brigands
  Dowan (D:7)
  A jelly (D:7)
  5 hounds
  3 orc priests
  A gnoll bouda (D:7)
  3 iguanas (D:6)
  2 sleepcaps
  5 orc wizards
  Robin (D:3)
  5 gnolls (D:7)
  4 adders
  A shadow imp (D:6)
  An ufetubus (D:3)
  A worm (D:3)
  34 orcs
  2 ball pythons (D:2)
  5 bats
  5 endoplasms
  4 giant cockroaches
  19 goblins
  4 hobgoblins
  2 jackals (D:3)
  4 quokkas
  2 frilled lizards
  9 kobolds
  3 rats (D:3)
150 creatures vanquished.

Notes
Turn   | Place    | Note
-------+----------+-------------------------------------------
     0 | D:1      | Darius099 the Minotaur Fighter began the quest for the Orb.
     0 | D:1      | Reached XP level 1. HP: 19/19 MP: 0/0
   246 | D:1      | Reached skill level 3 in Axes
   309 | D:1      | Reached XP level 2. HP: 22/26 MP: 1/1
   825 | D:2      | Reached skill level 4 in Axes
   954 | D:2      | Reached XP level 3. HP: 31/31 MP: 2/2
  1365 | D:3      | Noticed Robin
  1375 | D:3      | Killed Robin
  1376 | D:3      | Reached skill level 5 in Axes
  1382 | D:3      | Reached XP level 4. HP: 15/39 MP: 3/3
  1530 | D:3      | Reached skill level 6 in Axes
  1536 | D:3      | Reached XP level 5. HP: 39/45 MP: 4/4
  2077 | D:3      | You fall into a shaft and drop 1 floor!
  2366 | D:4      | Noticed a black bear
  2370 | D:4      | Killed a black bear
  2371 | D:4      | Reached skill level 7 in Axes
  2371 | D:4      | Reached XP level 6. HP: 48/51 MP: 5/5
  3204 | D:5      | Entered Level 5 of the Dungeon
  3235 | D:5      | Reached skill level 8 in Axes
  3365 | D:5      | Noticed an ice beast
  3384 | D:5      | Killed an ice beast
  3385 | D:5      | Reached skill level 9 in Axes
  3508 | D:5      | Reached XP level 7. HP: 57/57 MP: 6/6
  3622 | D:5      | Reached skill level 10 in Axes
  3746 | D:5      | Found a radiant altar of Vehumet.
  3964 | D:6      | Noticed Prince Ribbit
  3984 | D:5      | Killed Prince Ribbit
  4170 | D:6      | Reached skill level 11 in Axes
  4258 | D:6      | Reached XP level 8. HP: 53/64 MP: 7/7
  4443 | D:6      | Noticed Pikel
  4463 | D:6      | Killed Pikel
  4464 | D:6      | Reached skill level 13 in Axes
  4666 | D:6      | Reached skill level 14 in Axes
  4666 | D:6      | Reached XP level 9. HP: 38/70 MP: 8/8
  5454 | D:7      | Reached skill level 15 in Axes
  5735 | D:7      | Noticed Dowan
  5736 | D:7      | Noticed Duvessa
  5744 | D:7      | Killed Dowan
  5752 | D:7      | Killed Duvessa
  6038 | D:7      | Found an opulent altar of Gozag.
  6153 | D:7      | Found a flagged portal.
  6173 | Bailey   | Entered a bailey
  6231 | Bailey   | Slain by an orc

Illustrated notes

Levels and vault maps discovered:
D:1:      psy_arrival_radial01, layout_rooms
D:2:      layout_basic, moated_statue
D:3:      layout_basic, uniq_robin
D:4:      nicolae_cairo_tiling, layout_basic
D:5:      layout_basic, mainiacjoe_overflow_concentric_impassable
D:6:      black_bear_nest_1, layout_basic, uniq_pikel, uniq_prince_ribbit1
D:7:      layout_loops_ring, nicolae_gozag_cash_rules_everything_around_me,
          temple_hall, enter_bailey_5, uniq_joseph, uniq_duvessa
Bailey:   bailey_polearm_flooded_kennysheep, bailey

Skill      XL: |  1  2  3  4  5  6  7  8  9 |
---------------+----------------------------+-----
Axes           | 3 4 5 6 7 9 11 14 15 | 15.6
Fighting       | |  3.6
Armour         | |  3.6
Shields        | |  3.6

Action                     |  1- 3 |  4- 6 |  7- 9 || total
---------------------------+-------+-------+-------++-------
  Melee: War axe           |    65 |    98 |   237 ||   400
         Headbutt          |    12 |    12 |    35 ||    59
 Armour: Scale mail        |    61 |    43 |       ||   104
         Chain mail        |       |    28 |   181 ||   209
  Dodge: Dodged            |    33 |    40 |    85 ||   158
         Repelled          |       |       |     5 ||     5
  Block: Buckler           |    18 |    14 |    45 ||    77

Table legend: (Time is in decaauts)
 A = Elapsed time spent in this place.
 B = Non-inter-level travel time spent in this place.
 C = Inter-level travel time spent in this place.
 D = Time resting spent in this place.
 E = Time spent auto-exploring this place.
 F = Levels seen in this place.
 G = Mean time per level.
                   A        B        C        D        E       F      G
               +--------+--------+--------+--------+--------+-----+--------+
         Total |   6240 |   6020 |    220 |    787 |   4089 |   8 |  780.0 |
       Dungeon |   6183 |   5963 |    220 |    787 |   4089 |   7 |  883.3 |
        Bailey |     56 |     56 |      0 |      0 |      0 |   1 |   56.0 |
               +--------+--------+--------+--------+--------+-----+--------+

Top non-repeatable levels by time:
     D:6: 1289 daAuts
     D:4: 1132 daAuts
     D:5: 931 daAuts
     D:3: 737 daAuts
     D:7: 722 daAuts
     D:2: 705 daAuts
     D:1: 665 daAuts
  Bailey: 56 daAuts
